 Dungeon Sprint DCSS version 0.17.0-23-g0de4337 (webtiles) character file.

13146 Ordine the Brawler (level 12, -19/123 HPs)
             Began as a Naga Transmuter on Nov 14, 2015.
             Was the Champion of Cheibriados.
             Hit by a large rock thrown by a stone giant (50 damage)
             ... in the Dungeon (Sprint IX: "|||||||||||||||||||||||||||||").
             The game lasted 00:19:13 (3521 turns).

Ordine the Brawler (Naga Transmuter)                Turns: 3521, Time: 00:19:13

Health: -19/123    AC:  9    Str: 32    XL:     12   Next: 3%
Magic:  10/22      EV: 14    Int: 37    God:    Cheibriados [******]
Gold:   1928       SH:  0    Dex: 26    Spells: 1 memorised, 10 levels left

rFire  + + .     SeeInvis +       - Unarmed
rCold  . . .     Clarity  +     v - +0 ring mail {rF+}
rNeg   . . .     SustAt   .     (shield currently unavailable)
rPois  +         Gourm    .     l - +0 helmet
rElec  .         Spirit   .     m - +0 cloak
rCorr  .         Warding  .     (gloves currently unavailable)
rMut   .         NoTele   +     (no barding)
MR     +....                    a - amulet of clarity
Stlth  +.........               s - ring "Saycyrank" {+Fly rF+ Str+4}
                                n - +3 ring of intelligence

@: blade hands, very slow, somewhat resistant to hostile enchantments, very
unstealthy
A: see invisible, deformed body, poison resistance, slowness 2, slow metabolism
1, spit poison 2, AC +4
a: Spit Poison, End Transformation, Bend Time, Temporal Distortion, Slouch, Step
From Time, Renounce Religion, Evoke Flight


You were in the Dungeon.
You worshipped Cheibriados.
Cheibriados was exalted by your worship.
You were near starving.
You had blades for hands.
You visited 1 branch You collected 1928 gold pieces.

Inventory:

Armour
 l - a +0 helmet (worn)
 m - a +0 cloak (worn)
 u - a +0 pair of gloves (melded)
 v - a +0 ring mail of fire resistance (worn)
Magical Staves
 k - an uncursed staff of energy (melded)
Jewellery
 a - an amulet of clarity (around neck)
 b - an uncursed ring of protection from fire
 c - an uncursed ring of protection from cold
 n - a +3 ring of intelligence (left scythe-like blade)
 s - the ring "Saycyrank" (right scythe-like blade) {+Fly rF+ Str+4}
   (You found it in the Dungeon)

   [ring of protection from fire]

   It affects your strength (+4).
   It protects you from fire.
   It lets you fly.
Wands
 i - a wand of fire (7)
Scrolls
 f - 4 scrolls of remove curse
 g - 2 scrolls of amnesia
 j - 3 scrolls of blinking
 p - a scroll of recharging
 q - 4 scrolls of enchant armour
 r - 2 scrolls of fear
 y - a scroll of fog
Potions
 e - 6 potions of curing
 h - 4 potions of magic
 w - a potion of brilliance
 x - a potion of agility
 z - a potion of heal wounds
Comestibles
 d - 13 bread rations
 o - 40 fruits
 t - 12 meat rations


   Skills:
 + Level 12.7 Fighting
 - Level 4.6 Armour
 - Level 5.1 Dodging
 * Level 17.9 Unarmed Combat
 - Level 2.0 Spellcasting
 - Level 11.9 Transmutations
 - Level 14.0 Invocations


You had 10 spell levels left.
You knew the following spells:

 Your Spells              Type           Power        Failure   Level  Hunger
a - Blade Hands           Trmt           ######....   17%         5    ######.


Dungeon Overview and Level Annotations

Branches:
Dungeon (1/1)

Altars:
Cheibriados
Dithmenos
Elyvilon
Fedhas
Gozag
Kikubaaqudgha
Makhleb
Nemelex Xobeh
Okawaru
Qazlal
Ru
Sif Muna
Trog
Vehumet
Xom
Yredelemnul
Zin
The Shining One
Beogh
Jiyva
Lugonu

Shops:
D [(=*


Innate Abilities, Weirdness & Mutations

You cannot wear boots.
Your serpentine skin is tough (AC +4).
You have supernaturally acute eyesight.
Armour fits poorly on your strangely shaped body.
Your system is resistant to poisons.
You cover ground very slowly.
You have a slow metabolism.
You can spit poison.


Message History

You can feel time thicken for a moment.
You are near starving!
The stone giant throws a large rock.
The large rock barely misses you.
Casting: Blade Hands
Confirm with . or Enter, or press ? or * to list all spells.
You extend your transformation's duration.
The stone giant throws a large rock.
The large rock hits you!!
* * * LOW HITPOINT WARNING * * *
Unknown command.
Drink which item? (? for menu, Esc to quit)
You feel much better.
The stone giant throws a large rock.
The large rock hits you!
* * * LOW HITPOINT WARNING * * *
Read which item? (? for menu, Esc to quit)
As you read the scroll of fear, it crumbles to dust.
You assume a fearsome visage.
The stone giant resists with some effort.
The ice dragon looks frightened!
The stone giant throws a large rock.
The large rock hits you!!!
You die...

▓▓▓▓▓▓▓▓▓▓▓▓▓▓▓▓▓▓▓▓▓▓▓▓
[[[[[[[.!...(...@).CD...
▓▓▓▓▓▓▓▓▓▓▓▓▓▓▓▓▓▓▓▓▓▓▓▓▓▓▓▓▓▓▓▓▓
.................................
▓▓▓▓▓▓▓▓▓▓▓▓▓▓▓▓▓▓▓▓▓▓▓▓▓▓▓▓▓▓▓▓▓
..[[[[)..(.....[[[[..∩.∩)∩)∩.....
▓▓▓▓▓▓▓▓▓▓▓▓▓▓▓▓▓▓▓▓▓▓▓▓▓▓▓▓▓▓▓▓▓
....[(.((...(....................
▓▓▓▓▓▓▓▓▓▓▓▓▓▓▓▓▓▓▓▓▓▓▓▓▓▓▓▓▓▓▓▓▓
†%....†.........†÷.†.....=[(:'..[


You could see an ice dragon (fleeing) and a stone giant.

Vanquished Creatures
  Erolcha (D)
  A hydra (D)
  An orc high priest (D)
  5 orc knights (D)
  2 lindwurms (D)
  A hill giant (D)
  5 orc sorcerers (D)
  An ugly thing (D)
  A griffon (D)
  A black mamba (D)
  Joseph (D)
  A spiny frog (D)
  3 gargoyles (D)
  A blink frog (D)
  A vampire (D)
  A wraith (D)
  A hippogriff (D)
  2 basilisks (D)
  A vampire mosquito (D)
  2 water moccasins (D)
  2 porcupines (D)
  2 centaurs (D)
  9 orc warriors (D)
  4 giant frogs (D)
  A brain worm (D)
  A scorpion (D)
  A wight (D)
  A crimson imp (D)
  3 orc priests (D)
  An iguana (D)
  2 orc wizards (D)
  A sheep (D)
  2 river rats (D)
  A shadow imp (D)
  An adder skeleton (D)
  5 worms (D)
  15 orcs (D)
  A kobold (D)
  A quokka (D)
  2 bats (D)
  2 giant geckos (D)
  A giant gecko skeleton (D)
  A goblin (D)
  A quokka skeleton (D)
  A rat (D)
95 creatures vanquished.

Vanquished Creatures (others)
  A spatial maelstrom (D)
  A centaur (D)
  A crocodile (D)
3 creatures vanquished.

Grand Total: 98 creatures vanquished

Notes
Turn   | Place    | Note
--------------------------------------------------------------
     0 | D        | Ordine the Naga Transmuter began the quest for the Orb.
     0 | D        | Reached XP level 1. HP: 18/18 MP: 3/3
     8 | D        | Banished a spatial maelstrom
   201 | D        | Noticed a centaur
   201 | D        | Noticed an orc wizard
   201 | D        | Noticed a scorpion
   207 | D        | Killed a centaur
   207 | D        | Reached skill level 8 in Transmutations
   207 | D        | Reached XP level 2. HP: 24/25 MP: 3/5
   207 | D        | Reached XP level 3. HP: 29/31 MP: 3/6
   207 | D        | Reached XP level 4. HP: 35/38 MP: 3/7
   214 | D        | Killed an orc wizard
   214 | D        | Reached skill level 9 in Transmutations
   214 | D        | Reached XP level 5. HP: 28/44 MP: 3/8
   219 | D        | Killed a scorpion
   219 | D        | Reached skill level 10 in Transmutations
   405 | D        | Learned a level 5 spell: Blade Hands
   406 | D        | Found a glowing silver altar of Zin.
   406 | D        | Found a glowing golden altar of the Shining One.
   406 | D        | Found an ancient bone altar of Kikubaaqudgha.
   406 | D        | Found a basalt altar of Yredelemnul.
   406 | D        | Found a shimmering altar of Xom.
   406 | D        | Found a radiant altar of Vehumet.
   407 | D        | Found an iron altar of Okawaru.
   408 | D        | Found a burning altar of Makhleb.
   409 | D        | Found a deep blue altar of Sif Muna.
   410 | D        | Found a bloodstained altar of Trog.
   411 | D        | Found a sparkling altar of Nemelex Xobeh.
   412 | D        | Found a white marble altar of Elyvilon.
   413 | D        | Found a roughly hewn altar of Beogh.
   414 | D        | Found a viscous altar of Jiyva.
   415 | D        | Found a corrupted altar of Lugonu.
   416 | D        | Found a blossoming altar of Fedhas.
   417 | D        | Found a snail-covered altar of Cheibriados.
   418 | D        | Found a shadowy altar of Dithmenos.
   419 | D        | Found a stormy altar of Qazlal.
   420 | D        | Found an opulent altar of Gozag.
   421 | D        | Found a sacrificial altar of Ru.
   425 | D        | Became a worshipper of Cheibriados the Contemplative
   466 | D        | Noticed a crocodile
   466 | D        | Noticed a centaur
   466 | D        | Noticed a centaur
   466 | D        | Noticed a hill giant
   481 | D        | Killed a crocodile
   481 | D        | Reached skill level 5 in Unarmed Combat
   483 | D        | Killed a hill giant
   483 | D        | Reached * piety under Cheibriados
   483 | D        | Reached skill level 11 in Unarmed Combat
   484 | D        | Reached XP level 6. HP: 40/51 MP: 4/9
   484 | D        | Reached XP level 7. HP: 44/57 MP: 4/10
   489 | D        | Killed a centaur
   489 | D        | Reached skill level 12 in Unarmed Combat
   493 | D        | Killed a centaur
   493 | D        | Reached ** piety under Cheibriados
   493 | D        | Reached skill level 13 in Unarmed Combat
   671 | D        | Noticed a gargoyle
   671 | D        | Noticed a wight
   671 | D        | Noticed a hippogriff
   677 | D        | Killed a gargoyle
   677 | D        | Reached *** piety under Cheibriados
   677 | D        | Reached XP level 8. HP: 37/69 MP: 0/11
   678 | D        | Killed a wight
   684 | D        | Killed a hippogriff
   684 | D        | Reached **** piety under Cheibriados
   684 | D        | Reached skill level 14 in Unarmed Combat
   970 | D        | Noticed a giant frog
   970 | D        | Noticed a water moccasin
   970 | D        | Noticed a giant frog
   970 | D        | Noticed an iguana
   970 | D        | Noticed a porcupine
   973 | D        | Noticed a basilisk
   975 | D        | Killed a giant frog
   975 | D        | Reached ***** piety under Cheibriados
   976 | D        | Noticed a black mamba
   978 | D        | Killed a water moccasin
   978 | D        | Reached skill level 5 in Fighting
   979 | D        | Killed a giant frog
   982 | D        | Killed an iguana
   983 | D        | Killed a porcupine
   985 | D        | Killed a basilisk
   985 | D        | Reached skill level 15 in Unarmed Combat
   985 | D        | Reached XP level 9. HP: 61/82 MP: 8/12
   986 | D        | Reached ****** piety under Cheibriados
   987 | D        | Killed a black mamba
  1129 | D        | Noticed a basilisk
  1129 | D        | Noticed a porcupine
  1129 | D        | Noticed a spiny frog
  1129 | D        | Noticed a water moccasin
  1129 | D        | Noticed a giant frog
  1132 | D        | Killed a basilisk
  1133 | D        | Killed a porcupine
  1133 | D        | Reached skill level 5 in Invocations
  1137 | D        | Killed a spiny frog
  1138 | D        | Noticed a giant frog
  1140 | D        | Noticed a griffon
  1140 | D        | Killed a water moccasin
  1141 | D        | Killed a giant frog
  1142 | D        | Noticed a blink frog
  1143 | D        | Killed a giant frog
  1145 | D        | Killed a griffon
  1145 | D        | Reached skill level 10 in Invocations
  1145 | D        | Reached XP level 10. HP: 61/92 MP: 8/17
  1152 | D        | Killed a blink frog
  1320 | D        | Noticed a lindwurm
  1320 | D        | Noticed a lindwurm
  1325 | D        | Noticed a brain worm
  1329 | D        | Killed a lindwurm
  1338 | D        | Killed a lindwurm
  1346 | D        | Killed a brain worm
  1498 | D        | Got the ring "Saycyrank" {+Fly rF+ Str+4}
  1637 | D        | Noticed Joseph
  1647 | D        | Killed Joseph
  1976 | D        | Noticed Erolcha
  1989 | D        | Killed Erolcha
  2323 | D        | Noticed an orc warrior
  2323 | D        | Noticed an orc priest
  2323 | D        | Noticed an orc wizard
  2326 | D        | Killed an orc warrior
  2328 | D        | Noticed an orc knight
  2330 | D        | Noticed an orc warrior
  2331 | D        | Killed an orc priest
  2333 | D        | Killed an orc wizard
  2339 | D        | Noticed an orc priest
  2340 | D        | Killed an orc knight
  2341 | D        | Noticed an orc priest
  2342 | D        | Killed an orc warrior
  2350 | D        | Killed an orc priest
  2351 | D        | Killed an orc priest
  2670 | D        | Noticed an orc knight
  2670 | D        | Noticed an orc warrior
  2670 | D        | Noticed an orc knight
  2670 | D        | Noticed an orc warrior
  2670 | D        | Noticed an orc warrior
  2674 | D        | Noticed an orc warrior
  2679 | D        | Killed an orc knight
  2679 | D        | Reached XP level 11. HP: 97/108 MP: 16/21
  2683 | D        | Noticed an orc warrior
  2684 | D        | Killed an orc knight
  2684 | D        | Reached skill level 10 in Fighting
  2687 | D        | Noticed an orc warrior
  2689 | D        | Killed an orc warrior
  2692 | D        | Noticed an orc warrior
  2693 | D        | Killed an orc warrior
  2694 | D        | Killed an orc warrior
  2696 | D        | Killed an orc warrior
  2696 | D        | Reached skill level 5 in Dodging
  2698 | D        | Killed an orc warrior
  2702 | D        | Killed an orc warrior
  2704 | D        | Killed an orc warrior
  2896 | D        | Gained mutation: You have a pair of small horns on your head. [potion of mutation]
  2896 | D        | Gained mutation: You are clumsy. (Dex -2) [potion of mutation]
  2897 | D        | Lost mutation: You are clumsy. (Dex -2) [potion of cure mutation]
  2897 | D        | Lost mutation: You have a pair of small horns on your head. [potion of cure mutation]
  2911 | D        | Found Esirapu's Armour Emporium.
  2911 | D        | Noticed an orc sorcerer
  2911 | D        | Noticed an orc sorcerer
  2911 | D        | Noticed an orc sorcerer
  2913 | D        | Noticed an orc knight
  2914 | D        | Killed an orc sorcerer
  2915 | D        | Noticed an orc sorcerer
  2923 | D        | Killed an orc sorcerer
  2923 | D        | Reached skill level 16 in Unarmed Combat
  2924 | D        | Killed an orc sorcerer
  2928 | D        | Killed an orc knight
  2930 | D        | Found Fudycsoc's Weapon Shoppe.
  2932 | D        | Killed an orc sorcerer
  2943 | D        | Found Upo Ung's Jewellery Emporium.
  3122 | D        | Found Tiatus's General Store.
  3124 | D        | Noticed an orc knight
  3126 | D        | Noticed an orc high priest
  3127 | D        | Noticed a soul eater
  3127 | D        | Killed an orc knight
  3128 | D        | Noticed an orc sorcerer
  3142 | D        | Killed an orc high priest
  3144 | D        | Killed an orc sorcerer
  3144 | D        | Reached skill level 17 in Unarmed Combat
  3492 | D        | Noticed a gargoyle
  3492 | D        | Noticed a wraith
  3492 | D        | Noticed a vampire
  3492 | D        | Noticed a gargoyle
  3492 | D        | Noticed a crimson imp
  3492 | D        | Noticed a vampire mosquito
  3494 | D        | Killed a gargoyle
  3496 | D        | Killed a wraith
  3497 | D        | Noticed a five-headed hydra
  3497 | D        | Killed a crimson imp
  3500 | D        | Killed a vampire
  3502 | D        | Killed a gargoyle
  3509 | D        | Killed a nine-headed hydra
  3510 | D        | Noticed a purple ugly thing
  3510 | D        | Killed a vampire mosquito
  3512 | D        | Noticed a stone giant
  3516 | D        | Noticed an ice dragon
  3517 | D        | Killed a purple ugly thing
  3518 | D        | Reached XP level 12. HP: 57/123 MP: 19/22
  3521 | D        | Hit by a large rock thrown by a stone giant

Action                   |  1- 3 |  4- 6 |  7- 9 | 10-12 || total
-------------------------+-------+-------+-------+-------++-------
Melee: Unarmed           |    15 |    24 |    48 |   126 ||   213
       Staff             |       |       |       |     3 ||     3
 Cast: Beastly Appendage |     2 |       |       |       ||     2
       Blade Hands       |       |     1 |     4 |    14 ||    19
Invok: Slouch            |       |       |       |     1 ||     1
 Abil: Evoke Flight      |       |       |       |     1 ||     1
  Use: Potion            |     2 |     2 |       |     8 ||    12
       Scroll            |       |       |       |     1 ||     1
 Stab: Invisible         |       |     1 |     4 |       ||     5
       Sleeping          |       |       |     1 |       ||     1
  Eat: Chunk             |       |       |       |     2 ||     2
